 Dungeon Crawl Stone Soup version 0.30-a0-422-g946f4849ff (webtiles) character file.

Game seed: 12572410262141452392

576 cforsyth the Chopper (level 7, 0/64 HPs)
             Began as a Hill Orc Monk on Dec 9, 2022.
             Slain by a killer bee (11 damage)
             ... on level 5 of the Dungeon.
             The game lasted 00:08:39 (3920 turns).

cforsyth the Chopper (Hill Orc Monk)                Turns: 3920, Time: 00:08:40

Health: 0/64       AC:  8    Str: 16    XL:     7   Next: 35%
Magic:  7/7        EV:  9    Int: 10    God:
Gold:   174        SH:  9    Dex: 13    Spells: 6/6 levels left

rFire   . . .      SeeInvis +    a - +0 hand axe (chaos)
rCold   . . .      Faith    .    t - +1 kite shield
rNeg    . . .      Spirit   .    e - +0 ring mail
rPois   .          Reflect  .    f - +0 helmet
rElec   .          Harm     .    s - +0 cloak
rCorr   +          Rampage  .    m - +0 pair of gloves
Will    .....                    (no boots)
Stlth   +.........               (no amulet)
HPRegen 0.30/turn                h - ring of see invisible
MPRegen 0.10/turn                x - ring of resist corrosion

@: lethally poisoned (0 -> -6)
A: no striking features
a: no special abilities


You were on level 5 of the Dungeon.
You visited 1 branch of the dungeon, and saw 5 of its levels.

You collected 174 gold pieces.

Inventory:

Hand Weapons
 a - a +0 hand axe of chaos (weapon)
Armour
 e - a +0 ring mail (worn)
 f - a +0 helmet (worn)
 m - a +0 pair of gloves (worn)
 s - a +0 cloak (worn)
 t - a +1 kite shield (worn)
Jewellery
 h - a ring of see invisible (left hand)
 i - a ring of positive energy
 x - a ring of resist corrosion (right hand)
Wands
 p - a wand of iceblast (4)
Scrolls
 d - 2 scrolls of teleportation
 j - 3 scrolls of identify
 k - a scroll of immolation
 o - a scroll of fear
 v - a scroll of enchant armour
Potions
 b - a potion of resistance
 c - a potion of ambrosia
 g - a potion of lignification {unknown}
 l - 2 potions of mutation {unknown}
 n - a potion of flight {unknown}
 q - 3 potions of curing {unknown}
 r - 2 potions of heal wounds {unknown}
 w - a potion of brilliance {unknown}


   Skills:
 + Level 6.6 Fighting
 + Level 7.2 Axes
 + Level 2.7 Armour
 - Level 2.4 Dodging
 - Level 1.5 Stealth
 + Level 2.7 Shields


You had 6 spell levels left.
You didn't know any spells.
Your spell library contained the following spells:

 Spells                   Type           Power      Damage    Failure   Level
 Necrotise                Necr           0%         1d4       92%         1
 Cigotuvi's Dreadful Rot  Necr/Pois/Air  0%         N/A       98%         2
 Poisonous Vapours        Pois/Air       0%         N/A       98%         2
 Static Discharge         Conj/Air       0%         2-2/arc   98%         2
 Mephitic Cloud           Conj/Pois/Air  0%         N/A       100%        3
 Vampiric Draining        Necr           0%         2d6       100%        3
 Vhi's Electric Charge    Tloc/Air       0%         N/A       100%        3
 Agony                    Necr           0%         N/A       100%        5
 Arcjolt                  Conj/Air       0%         1d10      100%        5
 Lightning Bolt           Conj/Air       0%         1d11      100%        5
 Maxwell's Capacitive Co  Air            0%         ∞         100%        8


Dungeon Overview and Level Annotations

Branches:
Dungeon (5/15)
 Temple: D:4-7

Altars:
Cheibriados
Hepliaklqana
Ru

Shops:
D:4 *=

Annotations:
Abyss:1 Menkaure


Message History

You barely miss the killer bee.
The killer bee is lightly wounded.
The killer bee stings you but does no damage. x2
The killer bee closely misses you. You block the killer bee's attack.
A killer bee comes into view.
You miss the killer bee.
The killer bee is lightly wounded.
You hit the killer bee but do no damage.
The killer bee stings you. You block the killer bee's attack.
The killer bee stings you.
You are poisoned.
The killer bee poisons you! The killer bee stings you!
You are more poisoned.
The killer bee poisons you! You block the killer bee's attack.
The killer bee attacks as you move away!
The killer bee stings you!
You feel very sick. You block the killer bee's attack.
The killer bee stings your adder zombie.
Your adder zombie misses the killer bee.
The killer bee completely misses you.
The killer bee stings your adder zombie.
You feel very sick. The killer bee stings you!
The killer bee stings your adder zombie.
Your adder zombie closely misses the killer bee.
The killer bee stings you.
The killer bee closely misses your adder zombie.
The killer bee stings your adder zombie.
The killer bee attacks as you move away!
You block the killer bee's attack.
You feel sick. You block the killer bee's attack.
The killer bee stings your adder zombie.
Your adder zombie is destroyed!
The killer bee stings you!
* * * LOW HITPOINT WARNING * * *
Unknown command.
The killer bee attacks as you move away!
The killer bee completely misses you.
You feel sick. The killer bee stings you!
You die...

######### #....<..#
... #.......# ...
#.......# #<#
..(##...# #.####
....#.#.## #.##..
.........### #.##y#
.....##....# ##†##y#
..... #....####.@##.#
.....
#......##..y#.#.#...
....
#≈≈..#.##..y.y.y.._..
.
#≈≈.......#.#.#.#...#
#≈≈.......#.#.#.# ##
..≈≈...#.....#.# .
##.≈≈.####...##.# ##
♣.≈≈. #....#.. ..≈≈.
##.#####


You could see 3 killer bees.

Vanquished Creatures
  A phantom (D:4)
  A scorpion (D:4)
  4 hounds
  Crazy Yiuf (D:4)
  4 gnolls
  5 adders
  2 worms
  2 dart slugs
  12 ball pythons
  8 bats
  5 endoplasms
  4 giant cockroaches
  4 goblins
  12 hobgoblins
  2 jackals (D:1)
  A quokka (D:2)
  2 frilled lizards
  6 kobolds
  6 rats
82 creatures vanquished.

Vanquished Creatures (others)
  An adder zombie (D:5)
1 creature vanquished.

Grand Total: 83 creatures vanquished

Notes
Turn   | Place    | Note
-------+----------+-------------------------------------------
     0 | D:1      | cforsyth the Hill Orc Monk began the quest for the Orb.
     0 | D:1      | Reached XP level 1. HP: 19/19 MP: 1/1
   183 | D:1      | Reached XP level 2. HP: 27/27 MP: 2/2
   350 | D:1      | Reached XP level 3. HP: 34/34 MP: 3/3
   665 | D:1      | Reached skill level 5 in Axes
  1334 | D:2      | Found a hazy altar of Hepliaklqana.
  1498 | D:2      | Reached skill level 5 in Fighting
  1498 | D:2      | Reached XP level 4. HP: 34/42 MP: 4/4
  1762 | D:2      | Reached XP level 5. HP: 36/48 MP: 5/5
  1818 | D:3      | Reached skill level 6 in Axes
  2108 | D:3      | Found a snail-covered altar of Cheibriados.
  2506 | D:4      | Found Siujeakeopn's General Store.
  2610 | D:4      | Noticed a phantom
  2652 | D:4      | Killed a phantom
  2653 | D:4      | Reached skill level 1 in Armour
  2653 | D:4      | Reached skill level 1 in Shields
  2653 | D:4      | Reached XP level 6. HP: 30/57 MP: 6/6
  2931 | D:4      | Found Wausafem's Jewellery Boutique.
  3058 | D:4      | Found a runed translucent door.
  3059 | D:4      | Noticed Crazy Yiuf
  3605 | D:4      | Killed Crazy Yiuf
  3740 | D:5      | Entered Level 5 of the Dungeon
  3742 | D:5      | Noticed Menkaure
  3755 | D:5      | Banished Menkaure
  3756 | D:5      | Reached skill level 7 in Axes
  3756 | D:5      | Reached XP level 7. HP: 30/64 MP: 7/7
  3910 | D:5      | Found a sacrificial altar of Ru.
  3920 | D:5      | Slain by a killer bee

Illustrated notes

Levels and vault maps discovered:
D:1:      shiori_shiawase, layout_rooms, nicolae_concentric_dashed_squares_wild,
          minmay_misc_feat_diagonals
D:2:      layout_basic, basic_altar
D:3:      layout_loops_ring, mainiacjoe_overflow_brackets, minmay_surrounded
D:4:      layout_loops_ring, serial_shops, shop, kennysheep_mini_moat,
          uniq_crazy_yiuf_cottage
D:5:      minmay_chambers_of_threes, layout_rooms,
          nicolae_ru_sacrificial_ziggurat, nicolae_wooded_promenade,
          minmay_manual_macuahuitl, uniq_menkaure

Skill      XL: |  1  2  3  4  5  6 |
---------------+-------------------+-----
Fighting       | 4 5 6 |  6.6
Axes           | 5 6 7 |  7.2
Armour         | 1 2 |  2.7
Shields        | 1 2 |  2.7
Dodging        | |  2.4
Stealth        | |  1.5

Action                   |  1- 3 |  4- 6 |  7- 9 || total
-------------------------+-------+-------+-------++-------
Melee: Hand axe          |   149 |   158 |    29 ||   336
       Punch             |     1 |       |       ||     1
  Use: Scroll            |       |    10 |       ||    10
 Stab: Sleeping          |     1 |     1 |       ||     2
Armor: Ring mail         |    55 |    60 |    17 ||   132
       Robe              |     1 |       |       ||     1
Dodge: Dodged            |   108 |    66 |    15 ||   189
Block: Kite shield       |       |    28 |    20 ||    48

Table legend: (Time is in decaauts)
 A = Elapsed time spent in this place.
 B = Non-inter-level travel time spent in this place.
 C = Inter-level travel time spent in this place.
 D = Time resting spent in this place.
 E = Time spent auto-exploring this place.
 F = Levels seen in this place.
 G = Mean time per level.
                   A        B        C        D        E       F      G
               +--------+--------+--------+--------+--------+-----+--------+
         Total |   3953 |   3790 |    163 |    241 |   2593 |   5 |  790.6 |
       Dungeon |   3953 |   3790 |    163 |    241 |   2593 |   5 |  790.6 |
               +--------+--------+--------+--------+--------+-----+--------+

Top non-repeatable levels by time:
     D:4: 1182 daAuts
     D:2: 1085 daAuts
     D:3: 804 daAuts
     D:1: 696 daAuts
     D:5: 184 daAuts
